 Dungeon Crawl Stone Soup version 0.31.0-11-ge490571c62 (webtiles) character file.

Game seed: 4885060612830024529

32 Descartes the Sneak (level 3, -1/22 HPs)
             Began as a Deep Elf Wanderer on Feb 9, 2024.
             Slain by Sigmund
             ... wielding a +1 scythe of flaming
              (5 damage)
             ... on level 2 of the Dungeon.
             The game lasted 00:02:59 (981 turns).

Descartes the Sneak (Deep Elf Wanderer)              Turns: 981, Time: 00:03:00

Health: -1/22      AC:  2    Str:  8    XL:     3   Next: 8%
Magic:  2/9        EV: 12    Int: 18    God:
Gold:   89         SH:  0    Dex: 15    Spells: 6/7 levels left

rFire   . . .        a - +2 dagger
rCold   . . .        (no shield)
rNeg    . . .        d - +0 robe
rPois   .            (no helmet)
rElec   .            (no cloak)
rCorr   .            (no gloves)
SInv    .            (no boots)
Will    .....        (no amulet)
Stlth   +++          (no ring)
HPRegen 0.23/turn    (no ring)
MPRegen 0.11/turn

%: no passive effects
@: very slightly contaminated
A: no striking features
a: no special abilities


You were on level 2 of the Dungeon.
You visited 1 branch of the dungeon, and saw 2 of its levels.

You collected 89 gold pieces.

Inventory:

Hand Weapons
 a - a +2 dagger (weapon)
Armour
 d - a +0 robe (worn)
Scrolls
 b - 2 scrolls of blinking
 f - a scroll of identify {unknown}
 g - a scroll of revelation {unknown}
 j - a scroll of immolation {unknown}
 k - a scroll of silence {unknown}
Potions
 c - a potion of attraction
 e - a potion of invisibility {unknown}
 h - a potion of curing {unknown}
 i - 2 potions of degeneration {unknown}


   Skills:
 - Level 2.4 Fighting
 - Level 1.2 Dodging
 - Level 4.8 Stealth
 + Level 2.9 Spellcasting
 + Level 2.2 Conjurations
 + Level 1.2 Fire Magic


You had 6 spell levels left.
You knew the following spells:

 Your Spells              Type           Power      Damage    Failure   Level
a - Foxfire               Conj/Fire      32%        2x1d5     9%          1

Your spell library contained the following spells:

 Spells                   Type           Power      Damage    Failure   Level
 Dazzling Flash           Conj/Hex       12%        N/A       30%         3


Dungeon Overview and Level Annotations

Branches:
Dungeon (2/15)

Altars:

Shops:
D:1 :

Annotations:
D:2 Sigmund


Message History

The foxfire hits Sigmund.
Sigmund is lightly wounded.
Casting: Foxfire (safe; 9% risk of failure)
Confirm with . or Enter, or press ? or * to list all spells.
You conjure some foxfire!
The foxfire hits Sigmund.
Sigmund is lightly wounded.
Sigmund gestures wildly while chanting.
Sigmund flickers and vanishes!
Deactivating autopickup; reactivate with Ctrl-A.
The foxfire hits something.
Casting: Foxfire (safe; 9% risk of failure)
Confirm with . or Enter, or press ? or * to list all spells.
You conjure some foxfire!
The foxfire hits something. x2; Something hits you.
Something burns you.
Your magical contamination has completely faded away.
Casting: Foxfire (safe; 9% risk of failure)
Confirm with . or Enter, or press ? or * to list all spells.
You conjure some foxfire!
The foxfire hits something but does no damage.
The foxfire hits something.
Something hits you. Something burns you.
Casting: Foxfire (safe; 9% risk of failure)
Confirm with . or Enter, or press ? or * to list all spells.
You conjure some foxfire!
Something hits you but does no damage.
The foxfire hits something. x2
Unknown command.
Casting: Foxfire (safe; 9% risk of failure)
Confirm with . or Enter, or press ? or * to list all spells.
You conjure some foxfire!
Something hits you. Something burns you.
The foxfire hits something. x2
A magic dart appears from out of thin air!
The magic dart hits you!
* * * LOW HITPOINT WARNING * * *
Unknown command.
Casting: Foxfire (safe; 9% risk of failure)
Confirm with . or Enter, or press ? or * to list all spells.
You miscast Foxfire.
You are very lightly contaminated with residual magic.
Nothing appears to happen.
Something hits you.
You die...

###...### #.......#
#.....#.# ###.....#.#
...... #.# # #... #.# #
####.#.)####.####.#####
#......@.{......$......
.....##ยง.#.#######.####
... #..#.# . #....#
##...# #...# ##.## ...
..


There were no monsters in sight!

Vanquished Creatures
  2 endoplasms (D:1)
  A giant cockroach (D:1)
  3 goblins (D:1)
  3 hobgoblins (D:1)
  4 jackals (D:1)
  2 kobolds
  A quokka (D:1)
  3 ball pythons (D:1)
  6 bats
  2 frilled lizards (D:1)
  2 rats (D:2)
29 creatures vanquished.

Vanquished Creatures (others)
  80 foxfires
80 creatures vanquished.

Grand Total: 109 creatures vanquished

Notes
Turn   | Place    | Note
-------+----------+-------------------------------------------
     0 | D:1      | Descartes the Deep Elf Wanderer began the quest for the
                  | Orb.
     0 | D:1      | Descartes set off with the following items: a +2 dagger, 2
                  | scrolls of blinking, a potion of attraction, a +0 robe; and
                  | the following spell memorised: Foxfire; and the following
                  | spells available to memorise: Dazzling Flash.
     0 | D:1      | Reached XP level 1. HP: 13/13 MP: 5/5
    86 | D:1      | Reached XP level 2. HP: 15/18 MP: 1/7
   447 | D:1      | Reached skill level 1 in Fire Magic
   503 | D:1      | Found Eseutadd's Book Shoppe.
   789 | D:1      | Reached XP level 3. HP: 22/22 MP: 6/9
   957 | D:2      | Noticed Sigmund
   981 | D:2      | Slain by Sigmund

Illustrated notes

Levels and vault maps discovered:
D:1:      eino_arrival_water_cross, layout_rooms, serial_shops, shop
D:2:      layout_loops_cross, nicolae_eternal_life, serial_park_tiny_2,
          kennysheep_generic_room_13, uniq_sigmund

Skill      XL: |  1  2 |
---------------+-------+-----
Spellcasting   | 2 |  2.9
Conjurations   | 2 |  2.2
Fire Magic     | 1 |  1.2
Fighting       | |  2.4
Dodging        | |  1.2
Stealth        | |  4.8

Action                     || total
---------------------------++-------
  Melee: Dagger            ||     3
   Cast: Foxfire           ||    50
 Armour: Robe              ||    30
  Dodge: Dodged            ||    44
